 Dungeon Crawl Stone Soup version 0.29.0-5-ge4962eb29e (webtiles) character file.

Game seed: 10571110046688232110

59 Goaboa the Grasshopper (level 3, 0/29 HPs)
             Began as a Palentonga Warper on Aug 29, 2022.
             Was an Initiate of Gozag.
             Succumbed to an adder's poison
             ... on level 2 of the Dungeon.
             The game lasted 00:04:05 (2151 turns).

Goaboa the Grasshopper (Palentonga Warper)          Turns: 2151, Time: 00:04:06

Health: 0/29       AC:  6    Str: 18    XL:     3   Next: 78%
Magic:  6/6        EV:  9    Int: 13    God:    Gozag
Gold:   81         SH:  0    Dex:  9    Spells: 4/6 levels left

rFire   . . .      SeeInvis +   a - +0 falchion
rCold   . . .      Faith    .   (no shield)
rNeg    . . .      Spirit   .   b - +0 leather armour
rPois   .          Reflect  .   (no helmet)
rElec   .          Harm     .   f - +1 cloak
rCorr   .          Rampage  .   (no gloves)
Will    .....                   (no barding)
Stlth   +.........              (no amulet)
HPRegen 0.09/turn               (no ring)
MPRegen 0.10/turn               (no ring)

@: lethally poisoned (0 -> -6), flying
A: large, rugged brown scales 3, see invisible, deformed body, roll 1, armoured
tail
a: Rolling Charge, Renounce Religion, Potion Petition, Call Merchant, Bribe
Branch


You were on level 2 of the Dungeon.
You worshipped Gozag.
Gozag was noncommittal.
You visited 1 branch of the dungeon, and saw 2 of its levels.

You collected 81 gold pieces.

Inventory:

Hand Weapons
 a - a +0 falchion (weapon)
Missiles
 d - 7 boomerangs of dispersal (quivered)
Armour
 b - a +0 leather armour (worn)
 f - a +1 cloak (worn)
Scrolls
 e - 3 scrolls of identify {unknown}


   Skills:
 + Level 2.3 Fighting
 + Level 2.3 Long Blades
 + Level 1.1 Throwing
 + Level 1.2 Armour
 + Level 1.9 Dodging
 + Level 2.3 Spellcasting
 + Level 3.3 Translocations


You had 4 spell levels left.
You knew the following spells:

 Your Spells              Type           Power      Damage    Failure   Level
a - Blink                 Tloc           20%        N/A       11%         2

Your spell library contained the following spells:

 Spells                   Type           Power      Damage    Failure   Level
 Gell's Gravitas          Tloc           10%        N/A       22%         3
 Lesser Beckoning         Tloc           10%        N/A       22%         3
 Teleport Other           Tloc           10%        N/A       22%         3
 Manifold Assault         Tloc           10%        N/A       90%         5
 Haunt                    Necr/Summ      0%         N/A       100%        7
 Infestation              Necr           0%         N/A       100%        8
 Animate Dead             Necr           Unusable   N/A       N/A         4

Dungeon Overview and Level Annotations

Branches:
Dungeon (2/15)

Altars:
Gozag

Shops:
D:2 *


Innate Abilities, Weirdness & Mutations

You are completely covered in rugged brown scales. (AC +3, +7% HP)
You have supernaturally acute eyesight. (SInv)
Armour fits poorly on your strangely shaped body.
You can roll at nearby foes to attack.
You have a long armoured tail.


Message History

You hit the adder but do no damage.
The adder is heavily wounded.
You feel sick.
You are no longer poisoned.
The adder bites you.
You are poisoned.
The adder poisons you!
You closely miss the adder.
The adder is heavily wounded.
You feel sick.
The adder bites you but does no damage. x2
The adder attacks as you move away! The adder bites you but does no damage.
You feel sick.
You miss the adder.
The adder is heavily wounded.
You feel sick.
The adder bites you but does no damage. x2
You barely miss the adder.
Your tail-slap misses the adder.
The adder is heavily wounded.
You feel sick. The adder bites you.
You feel sick.
You are no longer poisoned.
The adder bites you.
* * * LOW HITPOINT WARNING * * *
It was a potion of flight.
You feel very buoyant.
You fly up into the air.
The adder bites you but does no damage.
You hit the adder.
The adder is almost dead.
The adder bites you.
* * * LOW HITPOINT WARNING * * *
You miss the adder.
The adder is almost dead.
The adder barely misses you. The adder bites you.
* * * LOW HITPOINT WARNING * * *
You are lethally poisoned!
The adder poisons you!
Blink to where?
Press: ? - help, Dir - move target
As you read the scroll of blinking, it crumbles to dust.
You die...
Your body crumbles into a pile of gold.

.........# #...#
#......# .........#
#.#.# #⌠._.⌠## #'#
#.#.# #.....# #.#
#.#.# #⌠...⌠# #g#
#.#.###'###### #S#
#.#.#......... #§#
#...'......###
#.######.#.........
#.@..............#.
########.........#.
#..####.....
#..######.##
#..#....#.# ..
###..#.##.#.# ..#
#.[..#.##.#.# ...
#.#.##.##.#.#
#.##########.
#.#.##.##.#.#


You could see an adder and a goblin.

Vanquished Creatures
  4 adders (D:2)
  A bat (D:1)
  4 endoplasms
  4 giant cockroaches
  A goblin (D:1)
  2 hobgoblins (D:1)
  2 jackals
  A kobold (D:2)
  A quokka (D:2)
  A rat (D:1)
21 creatures vanquished.

Notes
Turn   | Place    | Note
-------+----------+-------------------------------------------
     0 | D:1      | Goaboa the Palentonga Warper began the quest for the Orb.
     0 | D:1      | Reached XP level 1. HP: 17/17 MP: 3/3
   213 | D:1      | Reached XP level 2. HP: 22/23 MP: 5/5
   216 | D:1      | Learned a level 2 spell: Blink
   340 | D:1      | Reached skill level 1 in Armour
   658 | D:1      | HP: 1/23 [jackal (3)]
   976 | D:2      | Reached skill level 1 in Throwing
  1020 | D:2      | Reached XP level 3. HP: 3/28 MP: 6/6
  1339 | D:2      | Found Ichiogo's Assorted Antiques.
  2025 | D:2      | Found a faded altar of an unknown god.
  2032 | D:2      | Prayed at the altar of an unknown god.
  2032 | D:2      | Became a worshipper of Gozag Ym Sagoz the Greedy
  2151 | D:2      | Succumbed to an adder's poison

Illustrated notes

Levels and vault maps discovered:
D:1:      nagdon_arrival_zigzag_paths, layout_loops_ring
D:2:      layout_basic, serial_shops, nicolae_shop_crystal,
          hellmonk_ecumenical_altar_run_dry

Skill      XL: |  1  2 |
---------------+-------+-----
Armour         | 1 |  1.2
Throwing       | 1 |  1.1
Fighting       | |  2.3
Long Blades    | |  2.3
Dodging        | |  1.9
Spellcasting   | |  2.3
Translocations | |  3.3

Action                   || total
-------------------------++-------
Melee: Falchion          ||   128
       Tailslap          ||     7
 Cast: Blink             ||     1
  Use: Scroll            ||     1
       Potion            ||     1
Armor: Leather armour    ||    80
Dodge: Dodged            ||    80
